 Dungeon Crawl Stone Soup version 0.28.0-45-g0d030f2227 (webtiles) character file.

Game seed: 15826877651336985246

11246 powzer the Grappler (level 11, -3/97 (98) HPs)
             Began as a Troll Monk on Apr 19, 2022.
             Was an Elder of Makhleb.
             Constricted to death by Jorgrun (9 damage)
             ... on level 1 of the Orcish Mines on Apr 20, 2022.
             The game lasted 02:19:59 (12894 turns).

powzer the Grappler (Troll Monk)                   Turns: 12894, Time: 02:20:06

HP:   -3/97 (98)    AC:  8    Str: 29    XL:     11   Next: 46%
MP:   17/17         EV:  9    Int:  6    God:    Makhleb [****..]
Gold: 1542          SH: 18    Dex: 14    Spells: 10/10 levels left

rFire   + . .      SeeInvis .     - Unarmed
rCold   + + .      Faith    .   g - +0 tower shield {rC+}
rNeg    . . .      Spirit   .   H - +1 steam dragon scales
rPois   .          Reflect  +   (helmet restricted)
rElec   .          Harm     .   x - scarf {rC+ rF+}
rCorr   .          Rampage  .   (gloves unavailable)
Will    .....                   (boots unavailable)
Stlth   ++........              v - amulet of reflection
HPRegen 1.06/turn               m - +4 ring of evasion
MPRegen 0.15/turn               B - +6 ring of strength

@: marked, grasped by roots, constricted, lightly drained
A: large, unfitting armour, claws 3, regeneration 1, shaggy fur 1, tough skin 1
a: Renounce Religion, Minor Destruction, Lesser Servant of Makhleb, Major
Destruction


You were on level 1 of the Orcish Mines.
You worshipped Makhleb.
Makhleb was greatly pleased with you.
You visited 3 branches of the dungeon, and saw 13 of its levels.
You also visited: Bailey.

You collected 1542 gold pieces.

Inventory:

Missiles
 e - 322 stones
 h - 44 poisoned darts
 l - 25 boomerangs
 u - a curare-tipped dart
 y - 5 datura-tipped darts
 z - a throwing net
Armour
 g - a +0 tower shield of cold resistance (worn)
 x - a scarf of resistance (worn)
 H - +1 steam dragon scales (worn)
 N - a +1 robe of cold resistance
Jewellery
 d - an amulet of regeneration
 m - a +4 ring of evasion (left claw)
 v - an amulet of reflection (around neck)
 B - a +6 ring of strength (right claw)
 C - a ring of ice
 D - a ring of resist corrosion
 F - a +4 ring of evasion
 R - a ring of ice
Wands
 i - a wand of polymorph (8)
 t - a wand of paralysis (18)
 G - a wand of iceblast (4)
 P - a wand of acid (3)
 Q - a wand of flame (9)
Scrolls
 b - 3 scrolls of teleportation
 k - 2 scrolls of torment
 q - a scroll of enchant weapon
 r - a scroll of noise
 w - a scroll of amnesia {unknown}
 A - 6 scrolls of identify
 E - 3 scrolls of fear
 J - 2 scrolls of brand weapon {unknown}
 L - a scroll of blinking {unknown}
Potions
 a - 2 potions of heal wounds {unknown}
 c - a potion of flight {unknown}
 f - 2 potions of might
 j - a potion of attraction {unknown}
 n - 4 potions of mutation {unknown}
 o - 2 potions of curing
 p - 2 potions of invisibility {unknown}
 s - a potion of degeneration {unknown}
 I - a potion of ambrosia {unknown}
 K - 2 potions of cancellation {unknown}
Miscellaneous
 M - a phial of floods (inert)
 O - a box of beasts (inert)


   Skills:
 + Level 3.7 Fighting
 + Level 4.6 Dodging
 - Level 1.0 Stealth
 * Level 3.8 Shields
 + Level 12.9 Unarmed Combat
 + Level 10.0 Invocations
 + Level 0.2 Evocations


You had 10 spell levels left.
You didn't know any spells.
Your spell library contained the following spells:

 Spells                   Type           Power      Damage    Failure   Level
 Animate Skeleton         Necr           0%         N/A       98%         1
 Apportation              Tloc           0%         N/A       98%         1
 Pain                     Necr           0%         1d4       98%         1
 Shock                    Conj/Air       0%         1d3       98%         1
 Summon Small Mammal      Summ           0%         N/A       98%         1
 Corpse Rot               Necr/Air       0%         N/A       99%         2
 Poisonous Vapours        Pois/Air       0%         N/A       99%         2
 Confusing Touch          Hex            0%         N/A       100%        3
 Dazzling Flash           Conj/Hex       0%         N/A       100%        3
 Swiftness                Air            0%         N/A       100%        3
 Tukima's Dance           Hex            0%         N/A       100%        3
 Vampiric Draining        Necr           0%         2d6       100%        3
 Airstrike                Air            0%         N/A       100%        4
 Anguish                  Hex/Necr       0%         N/A       100%        4
 Iskenderun's Mystic Bla  Conj/Tloc      0%         2d3       100%        4
 Summon Forest            Summ/Tloc      0%         N/A       100%        5
 Summon Mana Viper        Hex/Summ       0%         N/A       100%        5
 Yara's Violent Unravell  Hex/Tmut       0%         3d3       100%        5
 Starburst                Conj/Fire      0%         6d3       100%        6
 Summon Cactus Giant      Summ           0%         N/A       100%        6
 Enfeeble                 Hex            0%         N/A       100%        7


Dungeon Overview and Level Annotations

Branches:
Dungeon (11/15)            Temple (1/1) D:4            Lair (0/6) D:11
    Orc (1/2) D:11         Bailey (visited)

Altars:
Ashenzari
Cheibriados
Dithmenos
Elyvilon
Fedhas
Gozag
Hepliaklqana
Kikubaaqudgha
Makhleb
Nemelex Xobeh
Okawaru
Qazlal
Ru
Sif Muna
Trog
Uskayaw
Vehumet
Wu Jian
Xom
Yredelemnul
Zin
The Shining One

Shops:
D:1 :(*?=   D:3 **[   D:8 *   D:10 ?

Annotations:
Orc:1 Jorgrun


Innate Abilities, Weirdness & Mutations

You are too large for most types of armour.
You have claws for hands.
Your natural rate of healing is unusually fast.
You are covered in fur. (AC +1)
You have tough skin. (AC +1)


Message History

Aim: Jorgrun, wielding a staff of earth and wearing a +0 robe (lightly wounded, ally target)
The stone arrow hits Jorgrun!
Jorgrun is moderately wounded.
Jorgrun points at you and mumbles some strange words.
You struggle to resist.
The grasping roots constrict you!
Aiming: Minor Destruction (0% risk of failure)
Press: ? - help, Q - select action, (/) - cycle Shift-Dir - straight line, f/p - Jorgrun
Aim: Jorgrun, wielding a staff of earth and wearing a +0 robe (moderately wounded, ally target)
The glob of acid hits Jorgrun!
The acid corrodes Jorgrun!
Jorgrun is moderately wounded.
The grasping roots constrict you!
Jorgrun hits your ynoxinul with a staff of earth!
Jorgrun shatters your ynoxinul. The grasping roots constrict you.
You escape the roots' grasp.
Your ynoxinul hits Jorgrun.
Aiming: Minor Destruction (0% risk of failure)
Press: ? - help, Q - select action, (/) - cycle Shift-Dir - straight line, f/p - Jorgrun
Aim: Jorgrun, wielding a staff of earth and wearing a +0 robe (moderately wounded, covered in acid, ally target)
The puff of flame hits Jorgrun.
Jorgrun is moderately wounded.
Your ynoxinul closely misses Jorgrun.
You miss Jorgrun.
Jorgrun is moderately wounded.
Your ynoxinul hits Jorgrun. Jorgrun gestures at you while chanting.
Roots burst forth from the earth!
The grasping roots grab you! The grasping roots constrict you!
You mangle Jorgrun!!
Jorgrun is heavily wounded.
Your ynoxinul barely misses Jorgrun.
Jorgrun drinks a potion.
Jorgrun suddenly seems more resistant.
The grasping roots constrict you!
Your ynoxinul barely misses Jorgrun.
You mangle Jorgrun!!
Jorgrun is severely wounded.
Jorgrun says, "'tis place shall be yer tomb!"
Jorgrun points at you and mumbles some strange words.
The iron shot hits you!!!
* * * LOW HITPOINT WARNING * * *
The grasping roots constrict you!
You die...

##..#.###.##.######
####......#.......##.##
#.....................#
..........##.#....#...#
..........##.#...##...##
#........#....#........#
..............#.......##
......3...............##
.......g@..............##
....>...............#.##.
.....................#...
............#............
...............###......#
................##.......
#$...........)..............
.............)........#.####
.........................# #


You could see Jorgrun (resistant, corroded, ally target) and a friendly ynoxinul
(summoned).

Vanquished Creatures
  An orc warlord (Bailey)
  Fannar (D:11)
  Erica (D:11)
  2 two-headed ogres
  An orc knight (Bailey)
  Maggie (D:9)
  A komodo dragon (D:11)
  2 trolls
  Sigmund (D:3)
  A shadow (D:11)
  10 yaks
  A wyvern (D:9)
  2 wraiths
  Menkaure (D:5)
  A warg (Orc:1)
  A water moccasin (D:8)
  3 sky beasts
  5 orc warriors
  An ice beast (D:5)
  2 necrophages
  2 ogres
  A black bear (D:6)
  2 centaurs
  2 kobold brigands
  5 bullfrogs
  A scorpion (D:6)
  5 wights (D:6)
  5 howler monkeys
  A vampire bat (D:4)
  2 centaur zombies
  A jelly (D:7)
  8 orc priests
  A centaur skeleton (D:7)
  A gnoll shaman (D:7)
  5 hounds
  A scorpion zombie (D:5)
  5 orc wizards
  3 iguanas
  2 killer bee zombies (D:8)
  Robin (D:3)
  8 gnolls
  5 adders
  A howler monkey skeleton (D:7)
  2 shadow imps
  A white imp (D:5)
  An ufetubus (D:4)
  2 worms (D:2)
  4 dart slugs
  3 fire bats (D:4)
  18 orcs
  2 spectral bats (D:4)
  18 bats
  3 bat skeletons (D:4)
  A bat zombie (D:4)
  6 endoplasms
  A giant cockroach (D:1)
  21 goblins
  15 hobgoblins
  4 jackals (D:4)
  29 kobolds
  5 quokkas
  7 ball pythons
  A bat simulacrum (D:4)
  4 frilled lizards
  A quokka skeleton (D:4)
  4 rats
260 creatures vanquished.

Vanquished Creatures (collateral kills)
  2 yaks (D:9)
2 creatures vanquished.

Vanquished Creatures (others)
  An orc wizard (Orc:1)
  25 plants
26 creatures vanquished.

Grand Total: 288 creatures vanquished

Notes
Turn   | Place    | Note
-------+----------+-------------------------------------------
     0 | D:1      | powzer the Troll Monk began the quest for the Orb.
     0 | D:1      | Reached XP level 1. HP: 22/22 MP: 0/0
    24 | D:1      | Found Suopsuti's Jewellery Boutique.
   183 | D:1      | Reached XP level 2. HP: 29/29 MP: 1/1
   186 | D:1      | Found Winkoac's Book Shoppe.
   424 | D:1      | Found Warchunt's Magic Scroll Emporium.
   607 | D:1      | Found Waher's Weapon Emporium.
   717 | D:1      | Found Joijeho's General Store.
  1071 | D:2      | Reached XP level 3. HP: 36/36 MP: 2/2
  1079 | D:2      | Found a faded altar of an unknown god.
  1240 | D:2      | Reached skill level 4 in Unarmed Combat
  2015 | D:3      | Reached XP level 4. HP: 44/44 MP: 3/3
  2225 | D:3      | Found Usytsir's Assorted Antiques.
  2262 | D:3      | Noticed Sigmund
  2274 | D:3      | Killed Sigmund
  2275 | D:3      | Reached skill level 5 in Unarmed Combat
  2275 | D:3      | Reached XP level 5. HP: 44/52 MP: 4/4
  2375 | D:3      | Noticed Robin
  2400 | D:3      | Killed Robin
  2401 | D:3      | Reached skill level 6 in Unarmed Combat
  2405 | D:3      | Reached XP level 6. HP: 59/59 MP: 5/5
  2621 | D:3      | Found Itirch's Antique Armour Shoppe.
  2716 | D:3      | Found Amiur's Assorted Antiques.
  3461 | D:4      | Found a staircase to the Ecumenical Temple.
  3471 | Temple   | Entered the Ecumenical Temple
  3711 | Temple   | Became a worshipper of Makhleb the Destroyer
  3711 | Temple   | Reached * piety under Makhleb
  3711 | Temple   | Reached ** piety under Makhleb
  3745 | D:4      | Reached skill level 7 in Unarmed Combat
  3808 | D:4      | Reached XP level 7. HP: 67/67 MP: 6/6
  4737 | D:5      | Entered Level 5 of the Dungeon
  4866 | D:5      | Reached skill level 8 in Unarmed Combat
  4876 | D:5      | Found a hazy altar of Hepliaklqana.
  4978 | D:5      | Noticed Menkaure
  4990 | D:5      | Killed Menkaure
  4991 | D:5      | Reached skill level 1 in Invocations
  5001 | D:5      | Found a sparkling altar of Nemelex Xobeh.
  5261 | D:5      | Reached XP level 8. HP: 59/75 MP: 8/8
  5567 | D:5      | Found a sacrificial altar of Ru.
  5853 | D:6      | Reached skill level 9 in Unarmed Combat
  5860 | D:6      | Found a white marble altar of Elyvilon.
  5915 | D:6      | Noticed a two-headed ogre
  5934 | D:6      | Killed a two-headed ogre
  6243 | D:6      | Reached *** piety under Makhleb
  6246 | D:6      | Reached skill level 5 in Invocations
  6246 | D:6      | Reached XP level 9. HP: 73/83 MP: 11/11
  6808 | D:6      | Identified a scroll of acquirement
  7436 | D:6      | Reached skill level 10 in Unarmed Combat
  7593 | D:7      | Found an iron altar of Okawaru.
  7821 | D:7      | Found an opulent altar of Gozag.
  8085 | D:7      | You fall into a shaft and drop 1 floor!
  8118 | D:8      | Noticed a two-headed ogre
  8136 | D:8      | Killed a two-headed ogre
  8158 | D:8      | Reached skill level 11 in Unarmed Combat
  8196 | D:8      | Found Deschaf's Assorted Antiques.
  8530 | D:8      | Reached XP level 10. HP: 91/91 MP: 14/14
  9391 | D:9      | Reached skill level 1 in Shields
  9599 | D:9      | Noticed Maggie
  9611 | D:9      | Killed Maggie
  9780 | D:9      | Reached skill level 12 in Unarmed Combat
  9918 | D:9      | Reached **** piety under Makhleb
 10414 | D:10     | Entered Level 10 of the Dungeon
 10473 | D:10     | Found Riukh's Magic Scroll Boutique.
 10492 | D:10     | Found a flagged portal.
 10505 | Bailey   | Entered a bailey
 10530 | Bailey   | Noticed an orc warlord
 10715 | Bailey   | Found a runed translucent gate.
 10715 | Bailey   | Found a runed translucent gate.
 10717 | Bailey   | Found a runed translucent gate.
 10724 | Bailey   | Noticed an orc knight
 10735 | Bailey   | Killed an orc knight
 10805 | Bailey   | Acquired 681 gold pieces
 10831 | Bailey   | Killed an orc warlord
 10851 | Bailey   | Identified the +0 falchion "Guodoyl" {vorpal, rF+}
 11054 | D:10     | Acquired a +0 tower shield of cold resistance
 11197 | D:10     | Reached XP level 11. HP: 97/97 MP: 15/17
 11762 | D:11     | Found a staircase to the Lair.
 11762 | D:11     | Noticed Fannar
 11797 | D:11     | Killed Fannar
 12158 | D:11     | Found a radiant altar of Vehumet.
 12228 | D:11     | Noticed Erica
 12236 | D:11     | Killed Erica
 12332 | D:11     | Found a staircase to the Orcish Mines.
 12657 | Orc:1    | Entered Level 1 of the Orcish Mines
 12724 | Orc:1    | Reached skill level 10 in Invocations
 12884 | Orc:1    | Noticed Jorgrun
 12894 | Orc:1    | Constricted to death by Jorgrun

Illustrated notes

Levels and vault maps discovered:
D:1:      ncdulo_watergridlock, layout_loops_ring, serial_shops,
          nicolae_shop_hallway_plus, shop, nicolae_shop_hallway_plus,
          nicolae_lakefront_shop, nicolae_shop_stone
D:2:      layout_basic, nicolae_ecumenical_lake_church
D:3:      layout_loops_ring, serial_shops, shop, shop,
          nicolae_shop_behind_doors, serial_bayou_lagoon_a, uniq_sigmund,
          uniq_robin
D:4:      nicolae_cairo_tiling_large, layout_basic,
          minmay_temple_entry_statues_fountains, serial_corexii_hall,
          corexii_hall_statues_deadend, chequers_hall_statues_wall_a,
          corexii_hall_statues_i, goddamned_bats
D:5:      layout_cave_pods, mainiacjoe_overflow_paths, kennysheep_mini,
          mainiacjoe_overflow_alcove_2, serial_column_ruins,
          column_ruins_grid_1, column_ruins_open_tiny, column_ruins_open_small,
          uniq_menkaure
D:6:      layout_layer_cave, marbit_many_paths, chequers_serial_rivers_micro_b
D:7:      layout_loops_ring, kennysheep_mini_moat, lemuel_doored_altar
D:8:      layout_loops_ring, serial_shops, shop, corexii_leaking_fountain,
          lemuel_flamethrower_2
D:9:      layout_grid_maze, nrook_mini_backslash, uniq_maggie
D:10:     layout_loops_ring, serial_shops, nicolae_stop_n_shop_1, enter_bailey_6
D:11:     layout_basic, david_lair_shrubbed, orc_0_dummy, vehumet_altar_wand_db,
          uniq_fannar, uniq_erica
Temple:   eino_temple_rhombus
Orc:1:    layout_caves, serial_shops, nicolae_shop_overgrown_old_shop,
          uniq_jorgrun

Skill      XL: |  1  2  3  4  5  6  7  8  9 10 11 |
---------------+----------------------------------+-----
Unarmed Combat | 4 5 6 7 8 9 11 12 | 12.9
Dodging        | 3 4 |  4.6
Fighting       | 3 |  3.7
Invocations    | 1 5 7 9 10 | 10.0
Shields        | 1 3 |  3.8
Stealth        | |  1.0
Evocations     | |  0.2

Action                   |  1- 3 |  4- 6 |  7- 9 | 10-12 || total
-------------------------+-------+-------+-------+-------++-------
Melee: Unarmed           |   106 |   121 |   215 |   202 ||   644
       Punch             |       |     6 |     9 |     6 ||    21
Invok: Minor Destruction |       |     2 |   106 |    98 ||   206
       Lesser Servant of |       |       |     1 |     4 ||     5
Evoke: Box of beasts     |       |       |       |     1 ||     1
       Phial of floods   |       |       |       |     1 ||     1
  Use: Scroll            |       |       |     8 |     9 ||    17
       Potion            |       |       |       |     3 ||     3
 Stab: Sleeping          |     8 |     1 |     2 |       ||    11
       Distracted        |       |       |       |     1 ||     1
Armor: Robe              |    27 |    20 |    70 |     6 ||   123
       Steam dragon scal |       |       |       |    37 ||    37
Dodge: Dodged            |    35 |    49 |   161 |    72 ||   317
Block: Other             |       |       |    26 |    17 ||    43
       Reflection        |       |       |     1 |     5 ||     6
       Tower shield      |       |       |       |    93 ||    93
